 Dungeon Crawl Stone Soup version 0.29.1-15-g9cfb28693d (webtiles) character file.

Game seed: 10200324989498635688

465 Danienth the Grave Robber (level 7, 0/47 HPs)
             Began as a Human Necromancer on Apr 5, 2023.
             Succumbed to an adder's poison
             ... on level 4 of the Dungeon.
             The game lasted 00:34:49 (4936 turns).

Danienth the Grave Robber (Human Necromancer)       Turns: 4936, Time: 00:34:49

Health: 0/47       AC:  4    Str:  7    XL:     7   Next: 29%
Magic:  9/23       EV: 12    Int: 21    God:
Gold:   200        SH:  0    Dex: 13    Spells: 10/15 levels left

rFire   . . .      SeeInvis .   b - +2 short sword (holy)
rCold   + . .      Faith    .   (no shield)
rNeg    . . .      Spirit   +   f - +0 leather armour
rPois   .          Reflect  .   (helmet restricted)
rElec   .          Harm     .   (no cloak)
rCorr   .          Rampage  .   (no gloves)
Will    .....                   m - +0 pair of boots
Stlth   ++........              l - amulet of guardian spirit
HPRegen 0.15/turn               t - ring of magical power
MPRegen 0.18/turn               (no ring)

@: lethally poisoned (0 -> -3)
A: horns 1, clever 1, cold resistance 1
a: no special abilities


You were on level 4 of the Dungeon.
You visited 1 branch of the dungeon, and saw 4 of its levels.

You collected 248 gold pieces.
You spent 48 gold pieces at shops.

Inventory:

Hand Weapons
 b - a +2 short sword of holy wrath (weapon)
 c - a +0 war axe
 d - a +4 short sword of venom
 g - a +0 sling
Missiles
 o - 3 curare-tipped darts
Armour
 a - a +0 robe
 f - a +0 leather armour (worn)
 j - a scarf of harm
 m - a +0 pair of boots (worn)
Magical Staves
 r - a staff of air
Jewellery
 l - an amulet of guardian spirit (around neck)
 t - a ring of magical power (left hand)
Scrolls
 h - a scroll of immolation {unknown}
 i - a scroll of summoning
 k - a scroll of vulnerability {unknown}
 p - 2 scrolls of fear
 q - a scroll of enchant armour {unknown}
Potions
 e - a potion of resistance
 n - a potion of might


   Skills:
 - Level 0.4 Fighting
 - Level 0.4(0.8) Short Blades
 + Level 0.9(1.0) Long Blades
 + Level 2.7 Dodging
 + Level 3.5 Stealth
 + Level 4.6 Spellcasting
 + Level 5.5 Necromancy


You had 10 spell levels left.
You knew the following spells:

 Your Spells              Type           Power      Damage    Failure   Level
a - Necrotise             Necr           100%       1d9       1%          1
b - Shock                 Conj/Air       16%        1d4       17%         1
c - Vampiric Draining     Necr           28%        2d8       5%          3

Your spell library contained the following spells:

 Spells                   Type           Power      Damage    Failure   Level
 Animate Dead             Necr           28%        N/A       17%         4
 Agony                    Necr           28%        N/A       43%         5
 Swiftness                Air            4%         N/A       45%         3
 Airstrike                Air            2%         2d(1-17)  86%         4


Dungeon Overview and Level Annotations

Branches:
Dungeon (4/15)
 Temple: D:4-7

Altars:

Shops:
D:3 ?


Innate Abilities, Weirdness & Mutations

You have a pair of small horns on your head.
Your mind is acute. (Int +4, Str/Dex -1)
Your flesh is cold resistant. (rC+)


Message History

* * * LOW HITPOINT WARNING * * *
You feel sick. The adder bites you. x2
* * * LOW HITPOINT WARNING * * *
You feel sick. The adder bites you but does no damage.
You feel sick. The adder bites you.
* * * LOW HITPOINT WARNING * * *
You feel sick. The adder completely misses you. The adder closely misses you.
You feel sick.
You are no longer poisoned.
The adder misses you. The adder bites you. The adder barely misses you.
The adder bites you. The adder barely misses you. The adder barely misses you.
The adder bites you.
* * * LOW HITPOINT WARNING * * *
The adder bites you but does no damage. The adder closely misses you.
The adder closely misses you. The adder bites you but does no damage.
The adder misses you. The adder bites you.
* * * LOW HITPOINT WARNING * * *
The adder barely misses you. The adder bites you but does no damage.
The adder bites you but does no damage. The adder barely misses you. x2
The adder bites you but does no damage. The adder barely misses you.
The adder bites you.
* * * LOW HITPOINT WARNING * * *
You are poisoned.
The adder poisons you! The adder bites you.
You feel sick. The adder bites you but does no damage.
You feel sick. The adder closely misses you.
You feel sick. The adder closely misses you. The adder bites you.
* * * LOW HITPOINT WARNING * * *
You are lethally poisoned!
The adder poisons you!
* * * LOW HITPOINT WARNING * * *
You feel sick. The adder bites you but does no damage.
You die...

#....###........
.............[##.....#
..######.............#
..###.......##.......###
.##...#...... .........
....######## #.....#
.............###.....#
.######## #....S..#.###
.##############†@.......
................########
.################ ##


You could see an adder.

Vanquished Creatures
  A necrophage (D:4)
  2 scorpions (D:4)
  A hound (D:3)
  Natasha (thrice) (D:3)
  7 adders
  2 worms (D:2)
  2 orcs
  4 endoplasms
  3 giant cockroaches
  5 goblins
  6 hobgoblins
  4 quokkas
  5 ball pythons
  4 bats
  3 frilled lizards (D:1)
  6 kobolds
  4 rats
62 creatures vanquished.

Vanquished Creatures (collateral kills)
  A howler monkey (D:4)
  An adder (D:2)
  A worm (D:3)
  A goblin (D:2)
  2 hobgoblins (D:3)
6 creatures vanquished.

Grand Total: 68 creatures vanquished

Notes
Turn   | Place    | Note
-------+----------+-------------------------------------------
     0 | D:1      | Danienth the Human Necromancer began the quest for the Orb.
     0 | D:1      | Reached XP level 1. HP: 13/13 MP: 3/3
   646 | D:1      | Reached XP level 2. HP: 19/19 MP: 1/5
   655 | D:1      | Learned a level 1 spell: Shock
   956 | D:1      | Found a faded altar of an unknown god.
  1572 | D:2      | Reached XP level 3. HP: 16/24 MP: 6/6
  2279 | D:2      | Reached XP level 4. HP: 24/30 MP: 4/7
  2470 | D:2      | Learned a level 3 spell: Vampiric Draining
  3270 | D:3      | Noticed Natasha
  3278 | D:3      | Killed Natasha
  3279 | D:3      | Reached XP level 5. HP: 32/35 MP: 3/9
  3802 | D:3      | Found Ihuat's Magic Scroll Shoppe.
  3806 | D:3      | Bought a scroll of identify for 24 gold pieces
  3806 | D:3      | Bought a scroll of identify for 24 gold pieces
  3888 | D:3      | Noticed Natasha
  3894 | D:3      | Killed Natasha
  3895 | D:3      | Reached skill level 5 in Necromancy
  3968 | D:3      | Reached XP level 6. HP: 33/41 MP: 3/11
  4090 | D:3      | Noticed Natasha
  4099 | D:3      | Killed Natasha
  4592 | D:4      | Reached XP level 7. HP: 39/47 MP: 8/13
  4763 | D:4      | Gained mutation: You sometimes lose your temper in combat.
                  | [potion of mutation]
  4763 | D:4      | Gained mutation: You have an increased reservoir of magic.
                  | (+10% MP) [potion of mutation]
  4769 | D:4      | Lost mutation: You sometimes lose your temper in combat.
                  | [potion of mutation]
  4769 | D:4      | Lost mutation: You have an increased reservoir of magic.
                  | (+10% MP) [potion of mutation]
  4769 | D:4      | Gained mutation: Your flesh is cold resistant. (rC+)
                  | [potion of mutation]
  4769 | D:4      | Gained mutation: You have a pair of small horns on your
                  | head. [potion of mutation]
  4769 | D:4      | Gained mutation: Your mind is acute. (Int +4, Str/Dex -1)
                  | [potion of mutation]
  4935 | D:4      | HP: 1/47 [poisoned by an adder]
  4936 | D:4      | Succumbed to an adder's poison

Illustrated notes

Levels and vault maps discovered:
D:1:      dpeg_arrival_round_b, layout_basic,
          hellmonk_ecumenical_altar_slurped_away,
          hangedman_abyss_or_decor_lesser_grid
D:2:      layout_loops_corners, minmay_tetromino_t2
D:3:      layout_loops_ring, serial_shops, shop, cheibrodos_sewer_entry_drain,
          uniq_natasha
D:4:      layout_rooms, serial_shops, nicolae_square_shop

Skill      XL: |  1  2  3  4  5  6 |
---------------+-------------------+-----
Spellcasting   | 3 4 |  4.6
Necromancy     | 5 |  5.5
Stealth        | 3 |  3.5
Fighting       | |  0.4
Short Blades   | |  0.4
Long Blades    | |  0.9
Dodging        | |  2.7

Action                   |  1- 3 |  4- 6 |  7- 9 || total
-------------------------+-------+-------+-------++-------
Melee: Short sword       |    24 |    10 |    10 ||    44
       Headbutt          |       |       |     1 ||     1
 Cast: Necrotise         |    35 |    88 |     2 ||   125
       Shock             |       |     1 |     1 ||     2
       Vampiric Draining |       |     1 |       ||     1
  Use: Scroll            |       |     6 |       ||     6
       Potion            |       |     2 |     2 ||     4
 Stab: Distracted        |       |     1 |       ||     1
Armor: Robe              |     4 |    12 |       ||    16
       Leather armour    |       |       |    31 ||    31
Dodge: Dodged            |    30 |    34 |    35 ||    99
